 Dungeon Crawl Stone Soup version 0.23.1-37-gaa34b87 (webtiles) character file.

Game seed: 8447804798573134475

44 Borgoz the Skirmisher (level 3, -1/31 HPs)
             Began as a Ghoul Monk on Mar 22, 2019.
             Slain by an ice beast (4 damage)
             ... on level 2 of the Dungeon.
             The game lasted 00:01:31 (891 turns).

Borgoz the Skirmisher (Ghoul Monk)                   Turns: 891, Time: 00:01:32

Health: -1/31      AC:  2    Str: 14    XL:     3   Next: 62%
Magic:  2/2        EV: 13    Int:  6    God:
Gold:   53         SH:  0    Dex: 11    Spells: 2/2 levels left

rFire    + . .     SeeInvis .   a - +0 short sword
rCold    + + .     Gourm    .   (no shield)
rNeg     + + +     Faith    .   b - +0 robe
rPois    ∞         Spirit   .   (no helmet)
rElec    +         Reflect  .   (no cloak)
rCorr    +         Harm     .   (no gloves)
MR       .....                  (no boots)
Stlth    ++........             (no amulet)
HPRegen  0.00/turn              (no ring)
MPRegen  0.08/turn              (no ring)

@: resistant, rotting
A: rotting body, claws 1, carnivore, cold resistance 1, negative energy
resistance 3, inhibited regeneration, torment resistance, unbreathing
a: no special abilities


You were on level 2 of the Dungeon.
You were not hungry.

You visited 1 branch of the dungeon, and saw 2 of its levels.

You collected 53 gold pieces.

Inventory:

Hand Weapons
 a - a +0 short sword (weapon)
Armour
 b - a +0 robe (worn)
Jewellery
 j - an uncursed ring of poison resistance {unknown}
Scrolls
 d - a scroll of remove curse {unknown}
 h - a scroll of fear {unknown}
 i - a scroll of amnesia {unknown}
 k - a scroll of identify {unknown}
Comestibles
 c - 4 rations
 f - 2 chunks of flesh


   Skills:
 + Level 3.5 Fighting
 * Level 3.2 Short Blades
 * Level 1.4 Armour
 + Level 3.0 Dodging
 - Level 2.1 Stealth


You had 2 spell levels left.
You didn't know any spells.
Your spell library was empty.

Dungeon Overview and Level Annotations

Branches:
Dungeon (2/15)

Altars:


Innate Abilities, Weirdness & Mutations

Your body is rotting away.
You thrive on raw meat.
You are immune to poison.
You have sharp fingernails.
You are carnivorous and can eat meat at any time.
Your flesh is cold resistant. (rC+)
You are immune to negative energy. (rN+++)
You do not regenerate when monsters are visible.
You are immune to unholy pain and torment.
You can survive without breathing.


Message History

The ice beast barely misses you.
There is a stone staircase leading down here.
You hit the ice beast but do no damage. The ice beast closely misses you.
You hit the ice beast but do no damage. The ice beast hits you.
The ice beast freezes you. You resist.
You barely miss the ice beast. The ice beast barely misses you.
You barely miss the ice beast. You hit the ice beast but do no damage.
The ice beast hits you. The ice beast freezes you. You resist.
You hit the ice beast but do no damage. The ice beast hits you.
* * * LOW HITPOINT WARNING * * *
The ice beast freezes you. You resist.
* * * LOW HITPOINT WARNING * * *
You hit the ice beast but do no damage.
The ice beast hits you but does no damage.
You closely miss the ice beast. The ice beast barely misses you.
You barely miss the ice beast. The ice beast hits you.
* * * LOW HITPOINT WARNING * * *
The ice beast freezes you. You resist.
You die...

#. #....# #.
#....#
##..###....#
#.........#.#
#.........#.#
..........#.#
..........#
####.####.#
#. ###@# #<
#..Y# #...#.#
#####.# #.#
#.# #.# #.#
#.#


You could see an ice beast.

Vanquished Creatures
  An ooze (D:1)
  A worm (D:2)
  A dart slug (D:1)
  A ball python (D:1)
  8 bats
  5 giant cockroaches (D:1)
  8 goblins (D:1)
  A hobgoblin (D:1)
  3 kobolds (D:1)
  A frilled lizard (D:1)
  2 rats (D:1)
32 creatures vanquished.

Notes
Turn   | Place    | Note
-------+----------+-------------------------------------------
     0 | D:1      | Borgoz the Ghoul Monk began the quest for the Orb.
     0 | D:1      | Reached XP level 1. HP: 19/19 MP: 0/0
   131 | D:1      | Reached XP level 2. HP: 22/26 MP: 1/1
   193 | D:1      | Reached skill level 1 in Armour
   208 | D:1      | Reached XP level 3. HP: 16/31 MP: 2/2
   874 | D:2      | Noticed an ice beast
   891 | D:2      | Slain by an ice beast

Skill      XL: |  1  2  3 |
---------------+----------+-----
Short Blades   | 3 |  3.2
Armour         | 1 |  1.4
Dodging        | 3 |  3.0
Fighting       | |  3.5
Stealth        | |  2.1

Action                   || total
-------------------------++-------
Melee: Short sword       ||   114
  Use: Potion            ||     2
 Stab: Sleeping          ||     7
  Eat: Chunk             ||     4
Armor: Robe              ||    21
Dodge: Dodged            ||    81
